 Dungeon Crawl Stone Soup version 0.31-a0-229-g1fc7ce93e2 (webtiles) character file.

Game seed: 18171985570408955912

21 qw the Shooter (level 2, -3/24 HPs)
             Began as a Minotaur Hexslinger on July 6, 2023.
             Succumbed to a goblin's poison
             ... on level 1 of the Dungeon.
             The game lasted 00:00:09 (333 turns).

qw the Shooter (Minotaur Hexslinger)                 Turns: 333, Time: 00:00:09

Health: -3/24      AC:  2    Str: 12    XL:     2   Next: 62%
Magic:  2/2        EV: 12    Int: 10    God:
Gold:   44         SH:  0    Dex: 12    Spells: 2/3 levels left

rFire   . . .        f - +0 triple crossbow
rCold   . . .        (shield currently unavailable)
rNeg    . . .        c - +0 robe
rPois   .            (helmet restricted)
rElec   .            (no cloak)
rCorr   .            (no gloves)
SInv    .            (no boots)
Will    .....        (no amulet)
Stlth   +            (no ring)
HPRegen 0.24/turn    (no ring)
MPRegen 0.08/turn

%: no passive effects
@: lethally poisoned (-3 -> -19)
A: horns 2, retaliatory headbutt
a: no special abilities


You were on level 1 of the Dungeon.
You visited 1 branch of the dungeon, and saw 1 of its levels.

You collected 44 gold pieces.


Innate Abilities, Weirdness & Mutations

You have a pair of horns on your head.
You reflexively headbutt those who attack you in melee.


   Skills:
 - Level 2.0 Fighting
 + Level 3.2 Ranged Weapons
 - Level 2.1 Dodging
 - Level 1.0 Spellcasting
 - Level 2.0 Hexes


You had 2 spell levels left.
You knew the following spells:

 Your Spells              Type           Power      Damage    Failure   Level
a - Slow                  Hex            16%        N/A       16%         1

Your spell library contained the following spells:

 Spells                   Type           Power      Damage    Failure   Level
 Inner Flame              Hex/Fire       2%         N/A       56%         3
 Portal Projectile        Hex/Tloc       4%         N/A       56%         3
 Cause Fear               Hex            2%         N/A       83%         4

Inventory:

Hand Weapons
 f - a +0 triple crossbow (weapon)
Armour
 c - a +0 robe (worn)
Jewellery
 e - a +6 ring of strength
Scrolls
 b - a scroll of poison
Potions
 a - a potion of cancellation {unknown}
 d - a potion of curing {unknown}

Dungeon Overview and Level Annotations

Branches:
Dungeon (1/15)

Altars:


Message History

Enter note: You see here a frilled lizard corpse.
Found a stone staircase leading down.
Enter note:
Enter note:
Things that are here:
a +0 whip; 8 stones A frilled lizard comes into view.
Enter note:
Enter note: You shoot a bolt.
The bolt hits the frilled lizard!!
You kill the frilled lizard!
A goblin comes into view. It is wielding a +2 dagger of venom.
The goblin shouts!
A bat comes into view.
Enter note:
Enter note: You shoot a bolt.
The bolt closely misses the bat.
The bat hits you but does no damage.
You shoot a bolt. The bolt barely misses the bat.
The bat barely misses you. The bat hits you but does no damage.
You shoot a bolt. The bolt barely misses the goblin.
The bat hits you.
The goblin hits you with a +2 dagger of venom.
You are poisoned.
You shoot a bolt. The bolt barely misses the goblin.
You feel very sick. The bat hits you but does no damage.
The goblin completely misses you. The bat hits you but does no damage.
The goblin hits you with a +2 dagger of venom.
You are lethally poisoned!
The bat barely misses you. You furiously retaliate!
You headbutt the bat.
You kill the bat!
The goblin hits you with a +2 dagger of venom.
You are more poisoned.
You shoot a bolt. The bolt hits the goblin!!
You kill the goblin!
Ouch! That really hurt!
You feel extremely sick.
There is a lethal amount of poison in your body!
You die...

#....# ##.'# #.
#....#####.#####.
..............
#############+##
###############
#...............##.[....
...
..####......%.#....#....
..# #.#
#...........$...... .[.
#.# ##.........%.......
... #.# ##.....#.##@)#
..# #.## #........#..##
#..# #........#.## ##.#
#..........# #.#
##.....#..## #.#
##...##..#### #.#
######.....## #.###
##...##..## #. #...#
#...####..# #.


There were no monsters in sight!

Vanquished Creatures
  2 bats (D:1)
  An endoplasm (D:1)
  3 goblins (D:1)
  5 hobgoblins (D:1)
  A quokka (D:1)
  3 frilled lizards (D:1)
  2 kobolds (D:1)
  A rat (D:1)
18 creatures vanquished.

Notes
Turn   | Place    | Note
-------+----------+-------------------------------------------
     0 | D:1      | qw the Minotaur Hexslinger began the quest for the Orb.
     0 | D:1      | Reached XP level 1. HP: 16/16 MP: 1/1
     0 | D:1      | 0 ||| qw: Version: 0.3-a-46-gb1f654a
     0 | D:1      | 0 ||| qw: Game counter: 1135
     0 | D:1      | 0 ||| qw: Melee chars always use a shield: true
     0 | D:1      | 0 ||| qw: God list: Okawaru
     0 | D:1      | 0 ||| qw: Allow faded altars: false
     0 | D:1      | 0 ||| qw: Do Orc after clearing Dungeon:15 true
     0 | D:1      | 0 ||| qw: Do second Lair branch before Depths: true
     0 | D:1      | 0 ||| qw: Lair rune preference: random
     0 | D:1      | 0 ||| qw: Goals: Normal
     0 | D:1      | 0 ||| PLANNING D:1-11
   150 | D:1      | Reached skill level 3 in Ranged Weapons
   161 | D:1      | 161 ||| SWAPPING to +0 triple crossbow.
   166 | D:1      | Reached XP level 2. HP: 23/23 MP: 2/2
   170 | D:1      | 170 ||| DROPPING +1 sling.
   332 | D:1      | HP: 1/24 [poisoned by a goblin]
   333 | D:1      | Succumbed to a goblin's poison

Levels and vault maps discovered:
D:1:      shiori_angband_town, layout_rooms

Skill      XL: |  1  2 |
---------------+-------+-----
Ranged Weapons | 3 |  3.2
Fighting       | 2 |  2.0
Dodging        | |  2.1
Spellcasting   | |  1.0
Hexes          | |  2.0

Action                     || total
---------------------------++-------
   Fire: Sling             ||    17
         Triple crossbow   ||    21
 Armour: Robe              ||     6
  Dodge: Dodged            ||    14

Table legend:
 A = Non-vault XP
 B = Vault XP
 C = Vault XP percentage of total XP
 D = Non-vault monster count
 E = Vault monster count
 F = Vault count percentage of total count
                 A         B        C        D         E       F
            +---------+---------+-------+---------+---------+-------
      Total |      30 |       0 |   0.0 |      18 |       0 |   0.0
            +---------+---------+-------+---------+---------+-------
        D:1 |      30 |       0 |   0.0 |      18 |       0 |   0.0
            +---------+---------+-------+---------+---------+-------
